 Dungeon Sprint DCSS version 0.26-a0-597-gb535b0901c (webtiles) character file.

Game seed: 7303873335315854815

217 HoaS the Grappler (level 5, -1/45 HPs)
             Began as a Ghoul Gladiator on Sept 6, 2020.
             Slain by an orc
             ... wielding a +0 trident
              (8 damage)
             ... in the Dungeon (Sprint IX: "|||||||||||||||||||||||||||||").
             The game lasted 00:00:34 (42 turns).

HoaS the Grappler (Ghoul Gladiator)                   Turns: 42, Time: 00:00:35

Health: -1/45      AC:  4    Str: 19    XL:     5   Next: 94%
Magic:  4/4        EV: 12    Int:  3    God:
Gold:   0          SH:  0    Dex: 10    Spells: 4/4 levels left

rFire    . . .     SeeInvis .     - Unarmed
rCold    + . .     Faith    .   (no shield)
rNeg     + + +     Spirit   .   a - +0 leather armour
rPois    ∞         Reflect  .   b - +0 helmet
rElec    .         Harm     .   (no cloak)
rCorr    .         NoTele   +   (no gloves)
MR       .....                  (no boots)
Stlth    +.........             (no amulet)
HPRegen  0.00/turn              (no ring)
MPRegen  0.09/turn              (no ring)

@: hasted, very quick
A: rotting body, claws 1, cold resistance 1, negative energy resistance 3,
inhibited regeneration, torment resistance, unbreathing
a: no special abilities


You were in the Dungeon.
You visited 1 branch

Inventory:

Missiles
 c - 3 throwing nets (quivered)
Armour
 a - a +0 leather armour (worn)
 b - a +0 helmet (worn)
Scrolls
 h - a scroll of blinking
Potions
 d - a potion of curing
 e - a potion of heal wounds
 g - 2 potions of magic


   Skills:
 + Level 3.1 Fighting
 - Level 1.7 Throwing
 + Level 1.4 Armour
 + Level 3.2 Dodging
 * Level 12.3 Unarmed Combat


You had 4 spell levels left.
You didn't know any spells.
Your spell library was empty.

Dungeon Overview and Level Annotations

Branches:
Dungeon (1/1)

Altars:


Innate Abilities, Weirdness & Mutations

Your body is rotting away.
You thrive by killing the living.
You are immune to poison.
You have sharp fingernails.
Your flesh is cold resistant. (rC+)
You are immune to negative energy. (rN+++)
You do not regenerate when monsters are visible.
You are immune to unholy pain and torment.
You can survive without breathing.


Message History

Your Unarmed Combat skill increases to level 11!
You scratch the centaur but do no damage.
The centaur hits you.
* * * LOW HITPOINT WARNING * * *
You claw the centaur! You claw the centaur, but do no damage.
The centaur is severely wounded.
The orc barely misses you. The centaur hits you.
* * * LOW HITPOINT WARNING * * *
You scratch the centaur.
The centaur is severely wounded.
You claw the centaur!
You kill the centaur!
Training target 12.0 for Unarmed Combat reached!
Your Unarmed Combat skill increases to level 12!
You need to enable at least one skill for training.
Your Fighting skill increases to level 3!
Your Armour skill increases to level 1!
Your Dodging skill increases to level 3!
The orc hits you with a +0 trident!
You die...

▓+▓
▓.▓
▓.▓
▓.▓
▓.▓
▓o▓
▓@▓
▓.▓
▓.▓
▓.▓
▓.▓
▓)▓
▓†▓
▓.▓
▓.▓


You could see an orc.

Vanquished Creatures
  An ogre (D)
  A centaur (D)
  A hound (D)
  A worker ant (D)
  2 giant cockroaches (D)
  A goblin (D)
  A frilled lizard (D)
  A rat (D)
9 creatures vanquished.

Notes
Turn   | Place    | Note
-------+----------+-------------------------------------------
     0 | D        | HoaS the Ghoul Gladiator began the quest for the Orb.
     0 | D        | Reached XP level 1. HP: 17/17 MP: 0/0
     7 | D        | Reached skill level 4 in Unarmed Combat
     8 | D        | Banished a spatial maelstrom
    14 | D        | Reached skill level 5 in Unarmed Combat
    20 | D        | Noticed a centaur
    20 | D        | Noticed a worker ant
    20 | D        | Noticed an ogre
    20 | D        | Noticed a hound
    23 | D        | Killed a hound
    23 | D        | Reached skill level 7 in Unarmed Combat
    23 | D        | Reached XP level 2. HP: 20/24 MP: 1/1
    23 | D        | Reached XP level 3. HP: 24/29 MP: 2/2
    31 | D        | Killed an ogre
    31 | D        | Reached skill level 10 in Unarmed Combat
    31 | D        | Reached XP level 4. HP: 14/36 MP: 3/3
    31 | D        | Reached XP level 5. HP: 16/41 MP: 4/4
    37 | D        | Reached skill level 11 in Unarmed Combat
    41 | D        | Killed a centaur
    41 | D        | Reached skill level 12 in Unarmed Combat
    41 | D        | Reached skill level 1 in Armour
    42 | D        | Slain by an orc

Illustrated notes

Levels and vault maps discovered:
D:        linesprint [early_d, line_temple, items_1, d_10, items_2, lair_1,
          lair_end, items_3, orc_1, orc_end, items_4, d_15, swamp_1, shoals_1,
          snake_1, spider_1, d_20, vaults_1, items_5, swamp_end, shoals_end,
          snake_end, spider_end, vaults_end, d_27, items_6, zot_1, zot_end,
          crypt_end, forest_end, elf_end, slime_end, tomb_end, abyss_end,
          pan_hell_end]

Skill      XL: |  1  2  3  4  5 |
---------------+----------------+-----
Unarmed Combat | 7 10 12 | 12.3
Fighting       | 3 |  3.1
Armour         | 1 |  1.4
Dodging        | 3 |  3.2
Throwing       | |  1.7

Action                   |  1- 3 |  4- 6 || total
-------------------------+-------+-------++-------
Melee: Unarmed           |    20 |    10 ||    30
       Punch             |       |     1 ||     1
  Use: Potion            |     1 |       ||     1
Armor: Leather armour    |     1 |     1 ||     2
Dodge: Dodged            |     7 |     2 ||     9

Table legend: (Time is in decaauts)
 A = Elapsed time spent in this place.
 B = Non-inter-level travel time spent in this place.
 C = Inter-level travel time spent in this place.
 D = Time resting spent in this place.
 E = Time spent auto-exploring this place.
 F = Levels seen in this place.
 G = Mean time per level.
                   A        B        C        D        E       F      G
               +--------+--------+--------+--------+--------+-----+--------+
         Total |     33 |     33 |      0 |      0 |      0 |   1 |   33.0 |
       Dungeon |     33 |     33 |      0 |      0 |      0 |   1 |   33.0 |
               +--------+--------+--------+--------+--------+-----+--------+

Top non-repeatable levels by time:
       D: 33 daAuts
